 Dungeon Crawl Stone Soup version 0.21.1-1-g345015f (webtiles) character file.

54 inc the Ducker (level 3, 0/15 HPs)
             Began as a Felid Transmuter on Mar 13, 2018.
             Killed from afar by an orc wizard (7 damage)
             ... with a magic dart
             ... on level 3 of the Dungeon.
             The game lasted 00:03:01 (2284 turns).

inc the Ducker (Felid Transmuter)                   Turns: 2284, Time: 00:03:02

Health: 0/15       AC:  1    Str:  6    XL:     3   Next: 66%
Magic:  6/7        EV: 21    Int: 14    God:
Gold:   14         SH:  0    Dex: 17    Spells: 3/6 levels left
                                        Lives:  0   Deaths: 0

rFire    . . .     SeeInvis +     - Unarmed
rCold    . . .     Gourm    .   (shield unavailable)
rNeg     . . .     Faith    .   (armour unavailable)
rPois    .         Spirit   .   (helmet unavailable)
rElec    .         Reflect  .   (cloak unavailable)
rCorr    .         Harm     .   (gloves unavailable)
MR       .....                  (boots unavailable)
Stlth    ++........             (no amulet)
HPRegen  0.05/turn              (no ring)
MPRegen  0.10/turn              (no ring)

@: appendage (expiring), quick
A: very small, no armour, no weapons or thrown items, stealth, claws 1, fangs 3,
horns 2, see invisible, carnivore, speed 1, shaggy fur 1, slow metabolism 1,
sharp paws
a: End Transformation


You were on level 3 of the Dungeon.
You were not hungry.
You had grown temporary horns.
You visited 1 branch of the dungeon, and saw 3 of its levels.

You collected 14 gold pieces.

Inventory:

Missiles
 a - 38 arrows
Scrolls
 f - a scroll of enchant weapon {unknown}
 g - a scroll of identify {unknown}
 j - a scroll of blinking {unknown}
 k - a scroll of random uselessness {unknown}
 l - a scroll of fog {unknown}
Potions
 d - a potion of curing {unknown}
 e - a potion of might {unknown}
 h - a potion of agility {unknown}
 i - a potion of degeneration {unknown}
Books
 b - a book of Changes

   Spells                             Type                      Level
   a - Beastly Appendage              Transmutation                1
   b - Sticks to Snakes               Transmutation                2
   c - Spider Form                    Transmutation/Poison         3
   d - Ice Form                       Ice/Transmutation            4
   e - Blade Hands                    Transmutation                5
Comestibles
 c - 4 rations


   Skills:
 - Level 1.0 Fighting
 - Level 5.4 Dodging
 - Level 3.0 Unarmed Combat
 - Level 2.0 Spellcasting
 + Level 2.2 Transmutations


You had 3 spell levels left.
You knew the following spells:

 Your Spells              Type           Power        Failure   Level  Hunger
a - Beastly Appendage     Tmut           #.....       10%         1    ##.....
b - Sticks to Snakes      Tmut           #.......     14%         2    ###....


Dungeon Overview and Level Annotations

Branches:
Dungeon (3/15)

Altars:

Annotations:
D:3 Terence


Innate Abilities, Weirdness & Mutations

You cannot wear armour.
You are incapable of wielding weapons or throwing items.
Your paws allow you to move quietly. (Stealth)
You have sharp claws.
You have razor-sharp teeth.
You have supernaturally acute eyesight. (SInv)
You are carnivorous and can eat meat at any time.
You cover ground quickly.
You are covered in fur. (AC +1)
You have a slow metabolism.
Your sharp claws are effective at attacking unaware monsters.
You have a pair of horns on your head.


Message History

The orc wizard completely misses you.
You scratch the orc wizard.
You bite the orc wizard, but do no damage.
The orc wizard is almost dead.
The orc wizard closely misses you.
Casting: Beastly Appendage
Confirm with . or Enter, or press ? or * to list all spells.
You grow a pair of large bovine horns.
The orc wizard hits you but does no damage.
The orc wizard gestures wildly while chanting.
The orc wizard blinks!
You closely miss the orc wizard.
The orc wizard is almost dead.
The orc wizard completely misses you.
You scratch the orc wizard.
The orc wizard is almost dead.
Your transformation is almost over.
The orc wizard gestures at you while chanting.
The magic dart hits you!
You die...

#.# #######[#
#.....#.#
#.###.#o# #.#
#.#g#
#####.###.#o#
#<..#.#...#o#
###.#.#.###o#
#.#.#.# #@#
#.#.#.# #.###
#.#.#.# #...#
#.#.#.#####.#
#.#.........#
#.###.#######
#.....#
#######


You could see an orc wizard, 3 orcs and a goblin.

Vanquished Creatures
  A leopard gecko (D:2)
  An orc (D:3)
  2 giant cockroaches
  6 goblins
  12 hobgoblins
  2 jackals (D:2)
  4 kobolds
  8 bats
  5 frilled lizards
  4 rats
45 creatures vanquished.

Vanquished Creatures (others)
  5 toadstools (D:1)
5 creatures vanquished.

Grand Total: 50 creatures vanquished

Notes
Turn   | Place    | Note
-------+----------+-------------------------------------------
     0 | D:1      | inc the Felid Transmuter began the quest for the Orb.
     0 | D:1      | Reached XP level 1. HP: 9/9 MP: 4/4
    22 | D:1      | Reached skill level 3 in Dodging
   446 | D:1      | Reached XP level 2. HP: 12/12 MP: 6/6
   517 | D:1      | Reached skill level 4 in Dodging
   882 | D:2      | Reached XP level 3. HP: 15/15 MP: 7/7
  1160 | D:2      | Reached skill level 5 in Dodging
  1982 | D:3      | Noticed Terence
  2148 | D:2      | Learned a level 2 spell: Sticks to Snakes
  2284 | D:3      | Killed from afar by an orc wizard

Skill      XL: |  1  2  3 |
---------------+----------+-----
Dodging        | 3 4 5 |  5.4
Fighting       | |  1.0
Unarmed Combat | |  3.0
Spellcasting   | |  2.0
Transmutations | |  2.2

Action                   || total
-------------------------++-------
Melee: Unarmed           ||   163
       Bite              ||    11
       Headbutt          ||     1
       Punch             ||     1
 Cast: Beastly Appendage ||     2
 Stab: Sleeping          ||     7
  Eat: Chunk             ||     2
Armor: Skin              ||     6
Dodge: Dodged            ||   167
